Map: Overgrown Facility

Players

Pagano

  • Race: Zerg Zerg
  • League: Gold
  • Spawn Location: 9:00

ThePiMeNTz

  • Race: Protoss Protoss
  • League: Platinum
  • Spawn Location: 7:00

OpuS

  • Race: Protoss Protoss
  • League: Platinum
  • Spawn Location: 1:00

Sketchaphone

  • Race: Zerg Zerg
  • League: Platinum
  • Spawn Location: 3:00

VOD

Have the link to the VOD?

Description

Time

  • Played on: Feb. 12, 2019, 6:47 p.m.
  • Length: 10:03
Show
View Real Time Build Order
Export as new Build Order

Pagano Zerg 

Build Orders: Hatch First 

Get SALT Encoding   

  12  0:01  Drone  
  13  0:12  Overlord  
  13  0:17  Drone  
  14  0:31  Drone x2  
  16  0:37  Drone  
  17  0:45  Drone  
  18  1:00  Hatchery  
  18  1:02  Drone  
  18  1:13  Drone  
  19  1:20  Spawning Pool  
  19  1:23  Extractor  
  19  1:24  Drone  
  18  1:28  Drone  
  19  1:39  Drone  
  20  1:55  Drone  
  20  2:00  Drone  
  22  2:13  Zergling x4  
  22  2:14  Queen  
  26  2:16  Queen  
  26  2:22  Overlord x2  
  28  2:27  Extractor  
  28  2:29  Metabolic Boost  
  27  2:33  Zergling x2  
  28  2:40  Zergling x2  
  29  2:50  Zergling x4  
  31  2:55  Roach Warren  
  30  3:00  Drone x2  
  30  3:04  Zergling x2  
  33  3:13  Drone  
  33  3:16  Zergling x2  
  33  3:18  Zergling x2  
  36  3:22  Zergling x4  
  36  3:26  Zergling x2  
  39  3:29  Zergling x2  
  39  3:32  Zergling x2  
  41  3:40  Overlord  
  41  3:41  Zergling x2  
  41  3:44  Zergling x2  
  43  3:49  Zergling x2  
  44  4:00  Zergling x6  
  44  4:01  Zergling x2  
  48  4:07  Zergling x4  
  48  4:08  Zergling x2  
  50  4:11  Zergling x2  
  50  4:14  Zergling x2  
  49  4:26  Zergling x6  
  49  4:28  Zergling x2  
  51  4:38  Roach  
  48  4:50  Roach x2  
  48  4:52  Roach  
  48  5:02  Queen  
  48  5:03  Spore Crawler  
  48  5:05  Roach  
  50  5:07  Spore Crawler  
  46  5:15  Lair  
  46  5:28  Roach x2  
  50  5:34  Drone  
  47  5:36  Spore Crawler, Drone  
  45  5:54  Roach x3  
  51  6:02  Drone  
  52  6:12  Overlord  
  52  6:13  Overlord  
  52  6:24  Glial Reconstitution  
  52  6:34  Queen  
  54  6:41  Hydralisk Den  
  54  6:42  Drone x3  
  54  6:43  Drone  
  57  6:52  Drone x3  
  60  7:01  Roach  
  60  7:02  Roach  
  60  7:06  Roach  
  66  7:09  Drone  
  66  7:13  Spore Crawler  
  66  7:14  Extractor  
  65  7:17  Extractor  
  65  7:18  Roach  
  65  7:22  Muscular Augments  
  66  7:26  Roach  
  68  7:32  Overlord  
  68  7:57  Roach x4  
  76  8:06  Overlord x2  
  76  8:25  Roach x2  
  77  8:29  Roach x2  
  77  8:32  Roach x2  
  85  8:40  Roach x2  
  81  9:02  Roach x4  
  83  9:10  Roach x2  
  83  9:14  Roach x2  
  83  9:17  Overlord  
  87  9:27  Roach x2  
  87  9:30  Roach  
  89  9:37  Drone  
Show
View Real Time Build Order
Export as new Build Order

ThePiMeNTz Protoss 

Build Orders:  

Get SALT Encoding   

  12  0:10  Probe  
  13  0:22  Probe  
  13  0:23  Pylon  
  14  0:34  Probe  
  15  0:46  Probe  
  16  0:50  Gateway  
  16  0:54  Probe  
  16  0:57  Assimilator  
  16  1:02  Probe  
  17  1:07  Assimilator  
  18  1:12  Probe  
  18  1:13  Pylon  
  19  1:20  Probe  
  20  1:28  Probe  
  21  1:37  Cybernetics Core  
  21  1:39  Probe  
  21  1:46  Zealot  
  24  1:51  Probe  
  25  2:16  Stalker, Gateway  
  26  2:40  Warp Gate  
  26  2:45  Gateway  
  26  2:50  Twilight Council  
  26  2:56  Stalker, Pylon  
  28  3:04  Stalker  
  30  3:12  Probe  
  31  3:33  Stalker  
  33  3:34  Stalker  
  33  3:37  Stalker  
  34  4:08  Stalker, Zealot  
  38  4:58  Zealot  
  35  5:09  Stalker x2  
  35  5:13  Probe  
  29  5:21  Probe  
  28  5:29  Probe  
  29  5:37  Probe  
  30  5:47  Probe  
  31  6:00  Probe  
  32  6:06  Stalker x3  
  34  6:23  Probe  
  28  6:32  Probe  
  22  6:41  Probe  
  22  6:46  Nexus  
  23  6:47  Pylon  
  23  6:48  Stalker  
  23  6:49  Stalker  
  23  6:50  Stalker  
  23  6:51  Blink  
  29  7:14  Stalker  
  31  7:16  Probe  
  32  7:28  Probe  
  33  7:40  Probe  
  34  7:52  Probe  
  35  8:02  Stalker x2  
  35  8:04  Probe  
  40  8:40  Stalker x2  
  43  9:13  Stalker x2  
  43  9:14  Stalker  
  49  9:22  Probe x2  
  51  9:34  Probe x2  
  53  9:46  Probe  
Show
View Real Time Build Order
Export as new Build Order

OpuS Protoss 

Build Orders: 1 Gate Expand, Oracle Opening 

Get SALT Encoding   

  12  0:01  Probe  
  13  0:13  Probe  
  14  0:22  Pylon  
  14  0:26  Probe  
  15  0:41  Gateway  
  15  0:47  Probe  
  16  0:52  Assimilator  
  16  0:55  Probe  
  16  1:04  Probe  
  18  1:12  Probe  
  19  1:20  Probe  
  20  1:41  Nexus  
  20  1:49  Cybernetics Core  
  20  1:51  Pylon  
  20  2:03  Probe  
  21  2:08  Zealot  
  21  2:11  Probe  
  24  2:19  Probe  
  24  2:25  Assimilator  
  24  2:26  Warp Gate  
  25  2:32  Stargate  
  25  2:40  Gateway  
  25  2:44  Probe  
  25  2:54  Gateway  
  25  2:57  Probe x2  
  27  3:11  Pylon  
  27  3:17  Oracle  
  30  3:21  Zealot  
  30  3:24  Probe  
  33  3:28  Probe  
  34  3:38  Probe  
  34  3:40  Probe  
  36  3:50  Probe  
  36  3:52  Probe  
  38  3:57  Void Ray  
  42  4:13  Shield Battery  
  42  4:15  Shield Battery  
  42  4:16  Zealot  
  42  4:17  Zealot x2  
  42  4:35  Probe x2  
  44  4:40  Void Ray  
  44  4:45  Stalker x2  
  48  5:06  Zealot  
  43  5:17  Void Ray  
  41  5:21  Zealot x2  
  19  5:42  Zealot  
  19  5:43  Zealot  
  22  5:51  Probe  
  23  6:13  Pylon  
  19  6:29  Probe  
  19  6:39  Probe  
  21  6:50  Probe  
  22  7:00  Probe  
  23  7:08  Probe  
  24  7:17  Probe  
  25  7:30  Cybernetics Core  
  25  7:35  Probe  
  26  7:45  Probe  
  27  7:53  Probe  
  28  8:02  Probe  
  30  8:20  Probe  
  30  8:28  Pylon  
  30  8:32  Probe  
  29  8:46  Void Ray  
  33  9:05  Probe  
  28  9:17  Probe  
  28  9:19  Void Ray  
  33  9:37  Stargate  
Show
View Real Time Build Order
Export as new Build Order

Sketchaphone Zerg 

Build Orders: Hatch First 

Get SALT Encoding   

  12  0:01  Drone  
  13  0:13  Overlord  
  13  0:19  Drone  
  14  0:26  Extractor  
  14  0:27  Drone  
  15  0:33  Drone  
  15  0:34  Drone  
  17  0:56  Hatchery  
  16  1:00  Drone  
  16  1:02  Extractor  
  16  1:03  Drone  
  17  1:18  Spawning Pool  
  17  1:21  Drone  
  17  1:30  Drone  
  17  1:31  Drone  
  20  1:40  Drone  
  20  1:50  Overlord  
  20  2:05  Metabolic Boost  
  20  2:06  Queen  
  22  2:09  Queen  
  22  2:12  Zergling x2  
  25  2:17  Zergling x2  
  25  2:21  Zergling x2  
  27  2:24  Drone  
  28  2:33  Zergling x6  
  31  2:58  Drone  
  32  2:59  Overlord  
  32  3:00  Baneling Nest  
  31  3:08  Zergling x2  
  31  3:12  Hatchery  
  31  3:26  Zergling x4  
  33  3:27  Overlord  
  33  3:29  Drone  
  33  3:31  Zergling x4  
  36  3:38  Drone  
  37  3:42  Drone  
  37  3:43  Zergling x2  
  37  3:58  Zergling x10  
  41  4:07  Baneling  
  41  4:08  Baneling  
  41  4:09  Baneling  
  40  4:16  Zergling x2  
  23  4:33  Queen x2, Drone  
  17  4:45  Zergling x8  
  18  4:52  Drone  
  17  5:06  Zergling x2  
  16  5:18  Drone  
  17  5:30  Baneling x2  
  17  5:46  Drone  
  17  5:47  Drone  
  19  6:01  Drone  
  20  6:09  Drone  
  21  6:34  Drone  
  21  6:35  Drone x4  
  26  6:40  Baneling x2  
  27  6:54  Zergling x6  
  29  7:04  Zergling x4  
  29  7:07  Drone  
  32  7:16  Drone x3  
  35  7:28  Zergling x6  
  35  7:29  Drone  
  39  7:34  Drone  
  40  7:37  Zergling x2  
  40  7:38  Zergling x2  
  40  7:42  Drone  
  40  7:44  Drone  
  44  8:00  Drone  
  44  8:01  Zergling x10  
  48  8:06  Zergling x6  
  54  8:12  Zergling x6  
  54  8:15  Zergling x2  
  49  8:27  Zergling x10  
  49  8:32  Zergling x4  
  37  8:44  Zergling x8  
  40  8:50  Zergling x4  
  30  9:06  Zergling x12  
  27  9:13  Drone x2  
  28  9:21  Zergling x2  
  23  9:39  Zergling x6  
  23  9:40  Zergling x2  
  23  9:41  Evolution Chamber  
  23  9:43  Drone  
Tags
 
Add a new tag
Caveats
  • Supply blocks, unpowered buildings, or Contaminate may cause inaccurate times.
  • Supply counts are checked every 10 seconds.